 Dungeon Crawl Stone Soup version 0.27-a0-1590-g15f69828bf (webtiles) character file.

Game seed: 5913733473428542063

333 Anon1729 the Shield-Bearer (level 6, 0/47 (50) HPs)
             Began as a Formicid Fighter on July 18, 2021.
             Slain by a wight (8 damage)
             ... on level 4 of the Dungeon.
             The game lasted 00:03:45 (3585 turns).

Anon1729 the Shield-Bearer (Formicid Fighter)       Turns: 3585, Time: 00:03:45

HP:   0/47 (50)     AC:  7    Str: 22    XL:     6   Next: 82%
MP:   6/6           EV:  8    Int:  8    God:
Gold: 61            SH: 10    Dex: 10    Spells: 5/5 levels left

rFire    . . .     SeeInvis +   a - +0 trident
rCold    . . .     Faith    .   c - +0 kite shield
rNeg     . . .     Spirit   .   b - +0 scale mail
rPois    .         Reflect  .   (helmet unavailable)
rElec    .         Harm     .   (no cloak)
rCorr    .         Rampage  .   (no gloves)
Will     .....                  (no boots)
Stlth    ..........             (no amulet)
HPRegen  0.15/turn              (no ring)
MPRegen  0.10/turn              (no ring)

@: drained
A: permanent stasis, dig shafts and tunnels, antennae 3, four strong arms
a: Dig, Shaft Self


You were on level 4 of the Dungeon.
You visited 1 branch of the dungeon, and saw 4 of its levels.

You collected 61 gold pieces.

Inventory:

Hand Weapons
 a - a +0 trident (weapon)
Armour
 b - a +0 scale mail (worn)
 c - a +0 kite shield (worn)
Jewellery
 g - an amulet of the acrobat
 j - an amulet of reflection
 r - an amulet of magic regeneration
Scrolls
 e - a scroll of magic mapping {unknown}
 f - 3 scrolls of teleportation {unknown}
 h - a scroll of vulnerability {unknown}
 k - a scroll of enchant weapon {unknown}
 m - a scroll of brand weapon {unknown}
 n - a scroll of immolation {unknown}
 o - a scroll of identify {unknown}
 p - a scroll of enchant armour {unknown}
Potions
 d - a potion of berserk rage {unknown}
 i - a potion of curing {unknown}
 l - 2 potions of lignification {unknown}
 q - a potion of resistance {unknown}


   Skills:
 + Level 4.8 Fighting
 + Level 3.7 Polearms
 + Level 4.8 Armour
 + Level 5.2 Shields


You had 5 spell levels left.
You didn't know any spells.
Your spell library contained the following spells:

 Spells                   Type           Power      Damage    Failure   Level
 Animate Skeleton         Necr           0%         N/A       94%         1
 Pain                     Necr           0%         1d4       94%         1
 Summon Small Mammal      Summ           0%         N/A       94%         1
 Searing Ray              Conj           0%         3d3       98%         2
 Sublimation of Blood     Necr           0%         N/A       98%         2
 Call Canine Familiar     Summ           0%         N/A       100%        3
 Summon Guardian Golem    Hex/Summ       0%         N/A       100%        3
 Vampiric Draining        Necr           0%         2d6       100%        3
 Petrify                  Tmut/Erth      0%         N/A       100%        4
 Irradiate                Conj/Tmut      0%         3d13      100%        5
 Manifold Assault         Tloc           0%         N/A       100%        5
 Spellforged Servitor     Conj/Summ      0%         N/A       100%        7


Dungeon Overview and Level Annotations

Branches:
Dungeon (4/15)
 Temple: D:4-7

Altars:
Kikubaaqudgha

Annotations:
D:1 Grinder


Innate Abilities, Weirdness & Mutations

You cannot be hasted, slowed, berserked, paralysed or teleported.
You can dig through walls and to a lower floor.
You have a pair of large antennae on your head. (SInv)
Your four strong arms can wield two-handed weapons with a shield.


Message History

Found a lumpy zirconium amulet.
There is a stone staircase leading down here.
r - an amulet of magic regeneration A wight comes into view.
It is wielding a +5 spear.
A wight is nearby!
A wight comes into view.
It is wielding a +1 scimitar of freezing.
You reach to attack!
You barely miss the wight. You block the wight's attack.
You reach to attack!
You hit the wight but do no damage.
You reach to attack!
You hit the wight but do no damage.
The wight hits you from afar with a +5 spear.
You puncture the wight!
The wight is heavily damaged.
The wight hits you with a +1 scimitar of freezing!
The wight freezes you.
The wight hits you from afar with a +5 spear.
You hit the wight.
The wight is severely damaged.
You block the wight's attack.
The wight hits you from afar with a +5 spear.
You feel drained. You block the wight's attack.
Your scale mail prevents you from hitting the wight.
The wight is severely damaged.
The wight hits you from afar with a +5 spear.
The wight hits you with a +1 scimitar of freezing!
The wight freezes you.
* * * LOW HITPOINT WARNING * * *
You block the wight's attack.
You barely miss the wight.
The wight is severely damaged.
The wight hits you with a +1 scimitar of freezing.
* * * LOW HITPOINT WARNING * * *
You feel drained. The wight freezes you.
* * * LOW HITPOINT WARNING * * *
The wight hits you from afar with a +5 spear.
* * * LOW HITPOINT WARNING * * *
You feel drained.
Okay, then.
Okay, then.
The wight hits you with a +1 scimitar of freezing!
You die...

.. ..# .## #.# ..#
#.# ..# #.#
#.######.####
#.....>.....#
.........##.#
.>........#.#######
..#.#.#...#.#...@.##
..#.#.........###z.#
.....##.......# #..#
..........#.#.###z.##
.........##.#.......#
........##......###.#
............##### #.#
........##.## #.#
........ #. #.#


You could see 2 wights.

Vanquished Creatures
  A black bear (D:4)
  A water moccasin skeleton (D:3)
  Natasha (D:4)
  An iguana (D:3)
  An orc wizard (D:3)
  3 adders
  2 worms (D:2)
  2 dart slugs (D:1)
  4 orcs
  7 ball pythons
  5 endoplasms
  2 giant cockroaches
  9 goblins
  7 hobgoblins
  7 jackals
  6 kobolds
  3 quokkas
  5 bats
  3 frilled lizards (D:2)
  6 rats
76 creatures vanquished.

Vanquished Creatures (others)
  An adder (D:3)
  A demonic plant (D:1)
  A fungus (D:1)
3 creatures vanquished.

Grand Total: 79 creatures vanquished

Notes
Turn   | Place    | Note
-------+----------+-------------------------------------------
     0 | D:1      | Anon1729 the Formicid Fighter began the quest for the Orb.
     0 | D:1      | Reached XP level 1. HP: 18/18 MP: 1/1
    49 | D:1      | Reached XP level 2. HP: 24/24 MP: 2/2
   137 | D:1      | Got the Volume of Harmful Orientation
   378 | D:1      | Reached skill level 4 in Shields
   378 | D:1      | Reached XP level 3. HP: 29/29 MP: 3/3
   741 | D:1      | Found a faded altar of an unknown god.
  1247 | D:2      | Found an ancient bone altar of Kikubaaqudgha.
  1253 | D:2      | Reached XP level 4. HP: 34/37 MP: 4/4
  1846 | D:3      | Noticed Grinder
  2371 | D:1      | You fall into a shaft and drop 1 floor!
  2503 | D:3      | Reached XP level 5. HP: 34/42 MP: 5/5
  2929 | D:3      | Reached XP level 6. HP: 49/49 MP: 6/6
  3125 | D:4      | Noticed a black bear
  3128 | D:4      | Noticed Natasha
  3130 | D:4      | Killed a black bear
  3131 | D:4      | Reached skill level 5 in Shields
  3494 | D:4      | Killed Natasha
  3585 | D:4      | Slain by a wight

Illustrated notes

Levels and vault maps discovered:
D:1:      dpeg_arrival_stonehenge_8_columns, layout_basic,
          shapermc_ecumenical_altar_gd
D:2:      layout_basic, basic_altar, minmay_misc_feat_more_columns
D:3:      layout_rooms, lemuel_old_faithful, uniq_grinder
D:4:      layout_loops_ring, okawaru_metal_pillars_1_2, minitemple, uniq_natasha

Skill      XL: |  1  2  3  4  5  6 |
---------------+-------------------+-----
Shields        | 4 5 |  5.2
Armour         | 4 |  4.8
Fighting       | 4 |  4.8
Polearms       | 3 |  3.7

Action                   |  1- 3 |  4- 6 || total
-------------------------+-------+-------++-------
Melee: Trident           |    95 |   199 ||   294
 Abil: Dig               |     3 |     3 ||     6
       Shaft Self        |       |     1 ||     1
  Use: Potion            |       |     1 ||     1
 Stab: Distracted        |       |     1 ||     1
Armor: Scale mail        |    24 |    79 ||   103
Dodge: Dodged            |    27 |    56 ||    83
Block: Kite shield       |    33 |    87 ||   120

Table legend: (Time is in decaauts)
 A = Elapsed time spent in this place.
 B = Non-inter-level travel time spent in this place.
 C = Inter-level travel time spent in this place.
 D = Time resting spent in this place.
 E = Time spent auto-exploring this place.
 F = Levels seen in this place.
 G = Mean time per level.
                   A        B        C        D        E       F      G
               +--------+--------+--------+--------+--------+-----+--------+
         Total |   3687 |   3513 |    174 |    821 |   2026 |   4 |  921.8 |
       Dungeon |   3687 |   3513 |    174 |    821 |   2026 |   4 |  921.8 |
               +--------+--------+--------+--------+--------+-----+--------+

Top non-repeatable levels by time:
     D:2: 1339 daAuts
     D:1: 1203 daAuts
     D:3: 1003 daAuts
     D:4: 141 daAuts
